 Dungeon Crawl Stone Soup version 0.29.1-13-g9f3cf754e1 (webtiles) character file.

Game seed: 2598010243737794776

11 sircluck the Caller (level 2, -2/15 HPs)
             Began as a Tengu Summoner on Jan 24, 2023.
             Was an Initiate of Ashenzari.
             Slain by a quokka (4 damage)
             ... on level 1 of the Dungeon.
             The game lasted 00:05:41 (445 turns).

sircluck the Caller (Tengu Summoner)                 Turns: 445, Time: 00:05:42

Health: -2/15      AC:  3    Str:  8    XL:     2   Next: 25%
Magic:  6/6        EV: 11    Int: 15    God:    Ashenzari [......]
Gold:   12         SH:  0    Dex: 14    Spells: 4/5 levels left

rFire   . . .      SeeInvis .   c - +0 mace
rCold   . . .      Faith    .   (no shield)
rNeg    . . .      Spirit   .   i - +0 leather armour
rPois   .          Reflect  .   (helmet restricted)
rElec   .          Harm     .   (no cloak)
rCorr   .          Rampage  .   (no gloves)
Will    .....                   (boots unavailable)
Stlth   ++........              (no amulet)
HPRegen 0.05/turn               (no ring)
MPRegen 0.10/turn               (no ring)

@: no status effects
A: beak, talons 3
a: Renounce Religion, Curse Item


You were on level 1 of the Dungeon.
You worshipped Ashenzari.
Ashenzari was noncommittal.
You visited 1 branch of the dungeon, and saw 1 of its levels.

You collected 12 gold pieces.

Inventory:

Hand Weapons
 c - a +0 mace (weapon)
 d - a +0 club
 f - a +0 short sword
Missiles
 g - 8 stones
Armour
 a - a +0 robe {i}
 i - a +0 leather armour (worn)
Potions
 b - a potion of magic
 e - a potion of resistance {unknown}
 h - a potion of curing {unknown}


   Skills:
 + Level 2.2 Dodging
 + Level 2.0 Stealth
 + Level 2.1 Spellcasting
 + Level 5.3 Summonings


You had 4 spell levels left.
You knew the following spells:

 Your Spells              Type           Power      Damage    Failure   Level
a - Summon Small Mammal   Summ           68%        N/A       3%          1

Your spell library contained the following spells:

 Spells                   Type           Power      Damage    Failure   Level
 Call Imp                 Summ           17%        N/A       5%          2
 Call Canine Familiar     Summ           17%        N/A       11%         3
 Summon Guardian Golem    Hex/Summ       9%         N/A       32%         3
 Summon Lightning Spire   Summ/Air       9%         N/A       71%         4


Dungeon Overview and Level Annotations

Branches:
Dungeon (1/15)

Altars:
Ashenzari


Innate Abilities, Weirdness & Mutations

You have a beak for a mouth.
You have claws for feet.


Message History

Casting: Summon Small Mammal (safe; 3% risk of failure)
Press: ? - help, Q - select action, (/) - cycle Dir - look around, f - activate
Found a faded altar of an unknown god.
You pick your way through the web.
There is a web here.
There is a faded altar of an unknown god here.
You cannot tell which god this altar belongs to.
Convert to them anyway?
Uppercase [Y]es or [N]o only, please.
You cannot tell which god this altar belongs to.
Convert to them anyway?
Ashenzari accepts your prayer! Ashenzari welcomes you!
Ashenzari warns you of distant threats and treasures.
Ashenzari reveals the structure of the dungeon to you.
Ashenzari shows you where magical portals lie.
You are caught in the web!
There is a web here.
You disentangle yourself.
You are caught in the web!
There is a web here.
You disentangle yourself.
You are caught in the web!
There is a web here.
You struggle to detach yourself from the web.
You disentangle yourself.
You are caught in the web!
Your rat is caught in a web!
There is a web here.
You disentangle yourself.
Your rat struggles to get unstuck from the web.
Your rat struggles to get unstuck from the web.
Ashenzari invites you to partake of a vision and a curse of introspection and elements.
Your rat pulls away from the web.
Your rat disappears in a puff of smoke!
A quokka comes into view.
The quokka bites you but does no damage.
You hit the quokka but do no damage. The quokka barely misses you.
The quokka bites you.
You hit the quokka but do no damage. You claw the quokka, but do no damage.
The quokka bites you.
* * * LOW HITPOINT WARNING * * *
The quokka attacks as you move away! The quokka bites you.
You die...

####'##########.........##
.............##.........^#
##########.#.##..####.._.#
#.......#.##.##..# ##^^^#
.###'###.#.#.##..# #####
.#.....#.#.#.#...#
.#.....#.#.#.###.##
.+..<..+.#.#.+ +..##
.#.....#.#.#.###@..##
.#.....#.#.#.#..r...#
.###+###.#.#.#......#
#.......#.##.#......#
##########.#.#......#
.............#......#
####+#########......#
......## #.....##


You could see a quokka.

Vanquished Creatures
  A dart slug (D:1)
  An endoplasm (D:1)
  A goblin (D:1)
  A kobold (D:1)
  2 ball pythons (D:1)
  A bat (D:1)
  A frilled lizard (D:1)
8 creatures vanquished.

Vanquished Creatures (collateral kills)
  A rat (D:1)
1 creature vanquished.

Grand Total: 9 creatures vanquished

Notes
Turn   | Place    | Note
-------+----------+-------------------------------------------
     0 | D:1      | sircluck the Tengu Summoner began the quest for the Orb.
     0 | D:1      | Reached XP level 1. HP: 10/10 MP: 4/4
   221 | D:1      | Reached skill level 5 in Summonings
   259 | D:1      | Reached XP level 2. HP: 8/15 MP: 6/6
   402 | D:1      | Found a faded altar of an unknown god.
   414 | D:1      | Prayed at the altar of an unknown god.
   414 | D:1      | Became a worshipper of Ashenzari the Shackled
   445 | D:1      | Slain by a quokka

Illustrated notes

Levels and vault maps discovered:
D:1:      matt_arrival_los_fun, layout_rooms, ebering_ecumenical_altar_webs,
          serial_curves, eino_curves_04, eino_curves_04

Skill      XL: |  1 |
---------------+----+-----
Summonings     | 5 |  5.3
Dodging        | |  2.2
Stealth        | |  2.0
Spellcasting   | |  2.1

Action                   || total
-------------------------++-------
Melee: Mace              ||    15
       Kick              ||     4
       Peck              ||     2
 Cast: Summon Small Mamm ||     6
 Stab: Sleeping          ||     1
Armor: Robe              ||     8
       Leather armour    ||     1
Dodge: Dodged            ||     9
